 Dungeon Crawl Stone Soup version 0.21.1-1-g345015f (webtiles) character file.

15 shakethe the Conjurer (level 2, 0/22 HPs)
             Began as a Deep Dwarf Conjurer on Feb 21, 2018.
             Slain by a leopard gecko (1 damage)
             ... on level 1 of the Dungeon.
             The game lasted 00:01:16 (562 turns).

shakethe the Conjurer (Deep Dwarf Conjurer)          Turns: 562, Time: 00:01:17

Health: 0/22       AC:  2    Str: 11    XL:     2   Next: 34%
Magic:  5/5        EV: 13    Int: 15    God:
Gold:   25         SH:  0    Dex: 13    Spells: 4/5 levels left

rFire    . . .     SeeInvis .   (no weapon)
rCold    . . .     Gourm    .   (no shield)
rNeg     . . .     Faith    .   a - +0 robe
rPois    .         Spirit   .   (no helmet)
rElec    .         Reflect  .   (no cloak)
rCorr    .         Harm     .   (no gloves)
MR       .....                  (no boots)
Stlth    ++........             (no amulet)
HPRegen  0.00/turn              (no ring)
MPRegen  0.09/turn              (no ring)

@: non-regenerating
A: damage resistance, heal wounds, sense surroundings 1, no regeneration
a: Heal Wounds


You were on level 1 of the Dungeon.
You were not hungry.

You visited 1 branch of the dungeon, and saw 1 of its levels.

You collected 25 gold pieces.

Inventory:

Hand Weapons
 h - a +0 dagger
   (You found it on level 1 of the Dungeon)
Armour
 a - a +0 robe (worn)
Jewellery
 k - an uncursed ring of flight {unknown}
   (You found it on level 1 of the Dungeon)
Scrolls
 g - a scroll of teleportation {unknown}
 j - a scroll of amnesia {unknown}
Potions
 d - a potion of degeneration {unknown}
 e - a potion of might {unknown}
 i - a potion of flight {unknown}
Books
 b - a book of Conjurations
Comestibles
 c - 2 rations
 f - 2 chunks of flesh {@w0@w0}


   Skills:
 + Level 2.5 Dodging
 + Level 2.8 Stealth
 + Level 2.0 Spellcasting
 + Level 3.7 Conjurations


You had 4 spell levels left.
You knew the following spells:

 Your Spells              Type           Power        Failure   Level  Hunger
a - Magic Dart            Conj           ##..         4%          1    #......


Dungeon Overview and Level Annotations

Branches:
Dungeon (1/15)

Altars:


Innate Abilities, Weirdness & Mutations

You are resistant to damage.
You can heal yourself by infusing magical energy.
You passively map a small area around you.
You do not regenerate.


Message History

You now have 4/5 mp.
Found an escape hatch in the floor.
You now have 25 gold pieces (gained 6).
A rat comes into view.
MP restored: 5 A rat comes into view.
Aim: a rat The magic dart hits the rat.
You kill the rat!
You now have 4/5 mp.
Aim: a rat (resting)
The magic dart hits the rat.
You kill the rat!
You now have 3/5 mp.
A rat comes into view.
You see here a twisted garnet ring.
k - a twisted garnet ring A leopard gecko comes into view.
You see here a rat corpse.
There are no objects that can be picked up here. a rat corpse You butcher the rat corpse.
The leopard gecko hisses angrily.
A kobold comes into view. It is wielding an enchanted whip.
Things that are here:
a chunk of flesh {@w0@w0}; a rat skeleton A bat comes into view.
The bat moves out of view.
The leopard gecko barely misses you.
MP restored: 5 The leopard gecko closely misses you.
Aim: a leopard gecko (clinging)
The magic dart hits the leopard gecko.
The leopard gecko barely misses you.
You now have 4/5 mp.
The leopard gecko bites you but does no damage.
The leopard gecko bites you.
You take 3 damage, and have 7/22 hp.
You don't know that spell.
Really attack barehanded? [Y]es or [N]o only, please.
Really attack barehanded? [Y]es or [N]o only, please.
Really attack barehanded? [Y]es or [N]o only, please.
Really attack barehanded? [Y]es or [N]o only, please.
Really attack barehanded? [Y]es or [N]o only, please.
Really attack barehanded? [Y]es or [N]o only, please.
Really attack barehanded? [Y]es or [N]o only, please.
Really attack barehanded? [Y]es or [N]o only, please.
Really attack barehanded? [Y]es or [N]o only, please.
Really attack barehanded? [Y]es or [N]o only, please.
Really attack barehanded? [Y]es or [N]o only, please.
Really attack barehanded? [Y]es or [N]o only, please.
Really attack barehanded? [Y]es or [N]o only, please.
Really attack barehanded? [Y]es or [N]o only, please.
Really attack barehanded? [Y]es or [N]o only, please.
Really attack barehanded? [Y]es or [N]o only, please.
Really attack barehanded? [Y]es or [N]o only, please.
Really attack barehanded? [Y]es or [N]o only, please.
Really attack barehanded? [Y]es or [N]o only, please.
Really attack barehanded? [Y]es or [N]o only, please.
Really attack barehanded? [Y]es or [N]o only, please.
Really attack barehanded? [Y]es or [N]o only, please.
Really attack barehanded? [Y]es or [N]o only, please.
Really attack barehanded?
You closely miss the leopard gecko. The leopard gecko misses you.
You closely miss the leopard gecko. The leopard gecko bites you.
You closely miss the leopard gecko. The leopard gecko barely misses you.
You barely miss the leopard gecko. The leopard gecko misses you.
You barely miss the leopard gecko.
The leopard gecko closely misses you. x2
You closely miss the leopard gecko. The leopard gecko barely misses you.
MP restored: 5 You miss the leopard gecko.
The leopard gecko barely misses you.
You barely miss the leopard gecko. The leopard gecko bites you.
* * * LOW HITPOINT WARNING * * *
You hit the leopard gecko. The leopard gecko misses you.
You barely miss the leopard gecko. The leopard gecko bites you. x2
* * * LOW HITPOINT WARNING * * *
You barely miss the leopard gecko. The leopard gecko bites you.
You die...

, #.....# ##..#####.......#...
**#.....# #..# #########.#. ,
##.#######..#######.......#. *
#.# #...#..##...##.######## , , ,
..###.#.#..##.#.##.........
..............#.######.#.##
#############..#r####.####...#...
#.#..##..#.###.#l####...##.######
.....#.......#.#@##........#
.............#.#.##......###
.............#.#.##......#
.....≈≈≈.......#......##.####
....≈...≈......#..#..###....#
....≈.<.≈......#..#......##.#
....≈...≈...#..........#.##.#
.....≈≈≈....#......###.#....#
##..........##......##.##########


You could see a leopard gecko and a rat.

Vanquished Creatures
  A leopard gecko (D:1)
  6 jackals (D:1)
  2 bats (D:1)
  A frilled lizard (D:1)
  A kobold (D:1)
  2 rats (D:1)
13 creatures vanquished.

Notes
Turn   | Place    | Note
-------+----------+-------------------------------------------
     0 | D:1      | shakethe the Deep Dwarf Conjurer began the quest for the Orb.
     0 | D:1      | Reached XP level 1. HP: 15/15 MP: 3/3
   149 | D:1      | Reached XP level 2. HP: 11/22 MP: 4/4
   176 | D:1      | Reached skill level 2 in Spellcasting
   559 | D:1      | HP: 3/22 [leopard gecko (4)]
   561 | D:1      | HP: 1/22 [leopard gecko (2)]
   562 | D:1      | Slain by a leopard gecko

Skill      XL: |  1  2 |
---------------+-------+-----
Spellcasting   | 2 |  2.0
Dodging        | |  2.5
Stealth        | |  2.8
Conjurations   | |  3.7

Action                   || total
-------------------------++-------
Melee: Unarmed           ||    77
 Cast: Magic Dart        ||    12
Armor: Robe              ||    25
Dodge: Dodged            ||    91

Vault maps used:
D:1:      enne_arrival_octagon_isle, minmay_hedge_maze, minmay_octomino_e4

Table legend:
 A = Turns spent in this place as a percentage of turns spent in the entire game.
 B = Non-inter-level travel turns spent in this place as a percentage of non-inter-level travel turns spent in the entire game.
 C = Inter-level travel turns spent in this place as a percentage of turns spent in this place.
 D = Turns resting spent in this place as a percentage of non-inter-level travel turns spent in this place.
 E = Turns spent auto-exploring this place as a percentage of non-inter-level travel turns spent in this place.
 F = Non-inter-level travel turns spent in this place divided by the number of levels of this place that you've seen.
                   A       B       C       D       E      F
               +-------+-------+-------+-------+-------+----------------------
         Total | 100.0 | 100.0 |   0.0 |   0.0 |  47.2 | 562.0
       Dungeon | 100.0 | 100.0 |   0.0 |   0.0 |  47.2 | 562.0
               +-------+-------+-------+-------+-------+----------------------

Table legend:
 A = Kills in this place as a percentage of kills in entire the game.
 B = Kills by you in this place as a percentage of kills by you in the entire game.
 C = Kills by friends in this place as a percentage of kills by friends in the entire game.
 D = Other kills in this place as a percentage of other kills in the entire game.
 E = Experience gained in this place as a percentage of experience gained in the entire game.
 F = Experience gained in this place divided by the number of levels of this place that you have seen.
                   A       B       C       D       E      F
               +-------+-------+-------+-------+-------+----------------------
         Total | 100.0 | 100.0 |   N/A |   N/A | 100.0 |  22.0
       Dungeon | 100.0 | 100.0 |   N/A |   N/A | 100.0 |  22.0
               +-------+-------+-------+-------+-------+----------------------
